General information
- name: BNet
- type: Ladder team game (AT/RT)
- host: Battle.net
- saver: MaoZedong
map: Cherryville
- players: 8
- length: 14:01
- speed: Fast
- version: 1.26 W3XP
- replay type: Public
» download(102 KB)
Players
team 1 (loser)
Hijack (
teal | 71 APM | 991 actions | 13:51)
3 Far Seer
1 Feral Spirit
2 Chain Lighting
2 Paladin
1 Holy Light
1 Divine Shield
1 Tauren Chieftain
1 Endurance Aura
» actions
| Assign group hotkey | 13 | |
| Build / train | 54 | |
| Enter build submenu | 30 | |
| Enter hero's abilities submenu | 7 | |
| Right click | 380 | |
| Select / deselect | 213 | |
| Select group hotkey | 233 | |
| Use ability | 61 | |
991 total
» units
| Peon | 6 | |
| Peasant | 6 | |
| Grunt | 5 | |
| Dragonhawk Rider | 8 | |
| Tauren | 3 | |
| Shaman | 2 | |
30 total
» upgrades
| Lumber Harvesting | 1 | |
| Masonry | 1 | |
| Shaman Training | 2 | |
4 total
» buildings
| Orc Burrow | 6 | |
| Altar of Storms | 1 | |
| Barracks | 1 | |
| Farm | 8 | |
| Scout Tower | 8 | |
| Lumber Mill | 1 | |
| War Mill | 1 | |
| Arcane Tower | 2 | |
| Guard Tower | 4 | |
| Altar of Kings | 1 | |
| Watch Tower | 3 | |
| Voodoo Lounge | 1 | |
| Stronghold | 1 | |
| Keep | 1 | |
| Arcane Vault | 1 | |
| Gryphon Aviary | 3 | |
| Fortress | 1 | |
| Spirit Lodge | 1 | |
| Tauren Totem | 2 | |
47 total
» build order
00:09 Orc Burrow
00:14 Altar of Storms
00:49 Barracks
00:57 Farm
01:01 Scout Tower
01:06 Lumber Mill
01:29 War Mill
01:42 Farm
01:44 Arcane Tower
01:47 Scout Tower
02:04 Orc Burrow
02:14 Guard Tower
02:21 Altar of Kings
02:49 Watch Tower
03:04 Scout Tower
03:29 Farm
03:47 Orc Burrow
03:53 Voodoo Lounge
04:16 Stronghold
04:27 Guard Tower
04:29 Keep
04:35 Scout Tower
04:37 Scout Tower
04:56 Watch Tower
05:00 Orc Burrow
06:46 Guard Tower
06:53 Arcane Vault
06:59 Gryphon Aviary
07:00 Gryphon Aviary
07:28 Orc Burrow
07:31 Fortress
07:39 Orc Burrow
08:06 Gryphon Aviary
08:11 Farm
08:12 Farm
08:14 Farm
08:22 Farm
08:22 Farm
08:46 Spirit Lodge
08:53 Watch Tower
11:20 Scout Tower
11:23 Scout Tower
11:24 Scout Tower
11:48 Tauren Totem
11:50 Tauren Totem
12:25 Arcane Tower
12:26 Guard Tower
» items

»
aissuRolleH (
orange | 38 APM | 530 actions | 14:00)
4 Demon Hunter
2 Immolation
2 Evasion
» actions
| Basic commands | 1 | |
| Build / train | 49 | |
| ESC pressed | 3 | |
| Enter build submenu | 18 | |
| Enter hero's abilities submenu | 4 | |
| Give item / drop item | 1 | |
| Right click | 220 | |
| Select / deselect | 200 | |
| Use ability | 34 | |
530 total
» units
| Wisp | 21 | |
| Huntress | 8 | |
| Grunt | 3 | |
| Hippogryph | 6 | |
| Chimaera | 1 | |
39 total
» upgrades
» buildings
| Altar of Elders | 1 | |
| Moon Well | 7 | |
| Hunter's Hall | 1 | |
| Ancient of War | 2 | |
| Tree of Ages | 1 | |
| Ancient of Wind | 2 | |
| Ancient of Wonders | 1 | |
| Tree of Eternity | 1 | |
| Tree of Life | 1 | |
| Chimaera Roost | 3 | |
20 total
» build order
00:05 Altar of Elders
00:18 Moon Well
01:37 Hunter's Hall
01:40 Ancient of War
02:02 Ancient of War
02:15 Moon Well
02:53 Moon Well
02:55 Moon Well
04:17 Tree of Ages
05:20 Moon Well
06:57 Ancient of Wind
06:57 Ancient of Wind
07:32 Moon Well
07:46 Ancient of Wonders
07:54 Tree of Eternity
09:25 Moon Well
10:07 Tree of Life
11:19 Chimaera Roost
11:20 Chimaera Roost
11:21 Chimaera Roost
» items
| Scroll of Town Portal | 1 | |
| Potion of Healing | 1 | |
2 total
xkayotykx (
red | 42 APM | 592 actions | 13:56)
4 Mountain King
2 Storm Bolt
2 Bash
» actions
| Assign group hotkey | 1 | |
| Build / train | 47 | |
| Enter build submenu | 19 | |
| Enter hero's abilities submenu | 4 | |
| Give item / drop item | 1 | |
| Remove unit from queue | 1 | |
| Right click | 275 | |
| Select / deselect | 203 | |
| Select group hotkey | 5 | |
| Use ability | 36 | |
592 total
» units
| Peasant | 12 | |
| Footman | 2 | |
| Rifleman | 12 | |
26 total
» upgrades
| Gunpowder | 2 | |
| Long Rifles | 1 | |
| Armor | 2 | |
| Lumber Harvesting | 1 | |
| Masonry | 1 | |
7 total
» buildings
| Altar of Kings | 1 | |
| Barracks | 3 | |
| Farm | 9 | |
| Blacksmith | 1 | |
| Arcane Vault | 1 | |
| Keep | 1 | |
| Lumber Mill | 1 | |
| Town Hall | 1 | |
| Castle | 1 | |
| Gryphon Aviary | 2 | |
21 total
» build order
00:05 Altar of Kings
00:18 Barracks
00:30 Farm
01:08 Farm
01:58 Farm
02:10 Blacksmith
02:40 Arcane Vault
03:48 Farm
04:29 Keep
05:02 Farm
06:27 Lumber Mill
07:04 Barracks
07:29 Farm
07:43 Barracks
07:53 Town Hall
08:51 Farm
09:51 Farm
10:33 Castle
10:40 Farm
12:52 Gryphon Aviary
12:57 Gryphon Aviary
» items
| Scroll of Regeneration | 4 | |
| Lesser Clarity Potion | 1 | |
| Scroll of Town Portal | 1 | |
6 total
team 2 (winner)
Lifeline (
pink | 94 APM | 1314 actions | 14:00)
4 Shadow Hunter
2 Serpent Ward
2 Healing Wave
2 Far Seer
1 Feral Spirit
1 Chain Lighting
» actions
| Assign group hotkey | 29 | |
| Basic commands | 65 | |
| Build / train | 93 | |
| ESC pressed | 2 | |
| Enter build submenu | 21 | |
| Enter hero's abilities submenu | 6 | |
| Right click | 440 | |
| Select / deselect | 266 | |
| Select group hotkey | 291 | |
| Use ability | 101 | |
1314 total
» units
| Peon | 21 | |
| Grunt | 6 | |
| Troll Headhunter/Berserker | 14 | |
| Assassin | 1 | |
| Kobold Geomancer | 2 | |
| Spirit Walker | 1 | |
| Shaman | 4 | |
49 total
» upgrades
| Armor | 2 | |
| Melee Weapons | 1 | |
| Ranged Weapons | 1 | |
| Troll Regeneration | 1 | |
| Shaman Training | 2 | |
| Berserker Upgrade | 1 | |
8 total
» buildings
| Altar of Storms | 1 | |
| Orc Burrow | 7 | |
| Voodoo Lounge | 1 | |
| War Mill | 1 | |
| Barracks | 1 | |
| Great Hall | 1 | |
| Watch Tower | 6 | |
| Stronghold | 4 | |
| Fortress | 2 | |
| Spirit Lodge | 1 | |
| Beastiary | 1 | |
26 total
» build order
00:04 Altar of Storms
00:18 Orc Burrow
00:53 Voodoo Lounge
01:28 War Mill
01:38 Barracks
02:33 Orc Burrow
03:50 Great Hall
03:56 Watch Tower
04:37 Orc Burrow
04:38 Watch Tower
04:53 Watch Tower
04:57 Watch Tower
05:46 Watch Tower
06:36 Stronghold
06:37 Stronghold
07:21 Orc Burrow
07:25 Watch Tower
08:17 Orc Burrow
09:30 Fortress
09:30 Fortress
09:33 Spirit Lodge
11:13 Orc Burrow
11:18 Beastiary
12:00 Orc Burrow
» items
| Healing Salve | 1 | |
| Lesser Clarity Potion | 6 | |
| Scroll of Speed | 2 | |
| Potion of Healing | 1 | |
10 total
whats-golden (
yellow | 51 APM | 711 actions | 14:01)
4 Far Seer
2 Feral Spirit
2 Chain Lighting
4 Tauren Chieftain
2 War Stomp
2 Endurance Aura
» actions
| Assign group hotkey | 18 | |
| Build / train | 33 | |
| Enter build submenu | 13 | |
| Enter hero's abilities submenu | 8 | |
| Give item / drop item | 2 | |
| Right click | 315 | |
| Select / deselect | 147 | |
| Select group hotkey | 132 | |
| Use ability | 43 | |
711 total
» units
| Peon | 8 | |
| Wind Rider | 6 | |
| Troll Batrider | 2 | |
16 total
» upgrades
| Armor | 1 | |
| Ranged Weapons | 2 | |
| Envenomed Spears | 1 | |
4 total
» buildings
| Altar of Storms | 1 | |
| Orc Burrow | 7 | |
| Voodoo Lounge | 1 | |
| Stronghold | 1 | |
| War Mill | 1 | |
| Beastiary | 2 | |
| Fortress | 1 | |
| Great Hall | 1 | |
15 total
» build order
00:09 Altar of Storms
00:10 Orc Burrow
00:52 Voodoo Lounge
02:06 Stronghold
02:10 War Mill
02:35 Orc Burrow
03:32 Orc Burrow
04:29 Beastiary
04:35 Beastiary
05:25 Orc Burrow
07:20 Orc Burrow
08:11 Orc Burrow
08:28 Fortress
09:18 Great Hall
09:58 Orc Burrow
» items
MaoZedong (
green | 123 APM | 1725 actions | 14:01)
4 Blood Mage
2 Flame Strike
2 Siphon Mana
» actions
| Assign group hotkey | 35 | |
| Basic commands | 67 | |
| Build / train | 105 | |
| ESC pressed | 2 | |
| Enter build submenu | 30 | |
| Enter hero's abilities submenu | 4 | |
| Give item / drop item | 8 | |
| Right click | 538 | |
| Select / deselect | 220 | |
| Select group hotkey | 636 | |
| Use ability | 80 | |
1725 total
» units
| Peasant | 32 | |
| Footman | 19 | |
| Sorceress | 1 | |
| Dragonhawk Rider | 2 | |
54 total
» upgrades
| Masonry | 3 | |
| Lumber Harvesting | 2 | |
| Sorceress Training | 1 | |
| Magic Sentry | 1 | |
| Defend | 1 | |
| Swords | 1 | |
9 total
» buildings
| Altar of Kings | 1 | |
| Barracks | 1 | |
| Farm | 10 | |
| Arcane Vault | 1 | |
| Town Hall | 1 | |
| Scout Tower | 8 | |
| Arcane Tower | 1 | |
| Lumber Mill | 1 | |
| Keep | 4 | |
| Guard Tower | 8 | |
| Arcane Sanctum | 1 | |
| Gryphon Aviary | 2 | |
| Castle | 4 | |
| Blacksmith | 1 | |
44 total
» build order
00:07 Altar of Kings
00:12 Barracks
00:16 Farm
00:58 Farm
01:41 Farm
02:53 Arcane Vault
03:31 Farm
04:18 Town Hall
04:21 Scout Tower
04:55 Arcane Tower
06:56 Lumber Mill
07:00 Keep
07:01 Keep
07:31 Scout Tower
07:33 Scout Tower
07:34 Scout Tower
07:36 Scout Tower
08:42 Guard Tower
08:43 Guard Tower
08:45 Scout Tower
08:51 Scout Tower
09:10 Scout Tower
09:26 Guard Tower
09:27 Guard Tower
09:38 Guard Tower
09:38 Guard Tower
09:45 Arcane Sanctum
09:47 Gryphon Aviary
10:38 Gryphon Aviary
11:17 Castle
11:17 Castle
11:17 Castle
11:30 Farm
11:33 Farm
13:01 Blacksmith
13:10 Farm
13:13 Farm
13:15 Farm
13:19 Farm
» items
| Scroll of Regeneration | 4 | |
| Boots of Speed | 1 | |
| Periapt of Vitality | 1 | |
| Staff of Teleportation | 1 | |
| Potion of Invisibility | 2 | |
| Lesser Clarity Potion | 2 | |
| Potion of Mana | 1 | |
12 total
lunerdonkey (
purple | 47 APM | 659 actions | 14:00)
2 Mountain King
1 Storm Bolt
1 Bash
» actions
| Build / train | 33 | |
| Enter build submenu | 16 | |
| Enter hero's abilities submenu | 2 | |
| Remove unit from queue | 1 | |
| Right click | 468 | |
| Select / deselect | 123 | |
| Use ability | 16 | |
659 total
» units
» upgrades
| Gunpowder | 1 | |
| Armor | 1 | |
| Lumber Harvesting | 1 | |
3 total
» buildings
| Altar of Kings | 1 | |
| Barracks | 2 | |
| Farm | 11 | |
| Lumber Mill | 1 | |
| Blacksmith | 1 | |
| Keep | 1 | |
| Castle | 1 | |
18 total
» build order
00:12 Altar of Kings
00:19 Barracks
00:57 Farm
01:23 Farm
01:47 Lumber Mill
02:35 Farm
03:12 Farm
03:18 Farm
03:25 Barracks
03:54 Farm
04:37 Farm
04:41 Farm
04:47 Farm
05:23 Blacksmith
05:43 Keep
05:52 Farm
07:00 Farm
09:35 Castle
Chat log
(00:28 / All) MaoZedong: ASL? What are you all wearings?
(00:45 / All) xkayotykx: whitey tighties
(04:40 / Allies) whats-golden: lumber plz
(05:03 / Allies) MaoZedong: inc my base
(09:34 / Allies) MaoZedong: inc maybe
(09:58 / Allies) MaoZedong: air
(10:00 / Allies) MaoZedong: dragonhawks
(10:24 / All) Hijack: hacks
(10:29 / All) MaoZedong: Oh?
(10:31 / All) MaoZedong: What hack do I have?
(10:44 / All) Hijack: map hack
(10:50 / All) MaoZedong: Why do you say that?
(11:04 / Allies) Lifeline: omw green
(11:04 / All) Hijack: surprising you picked my base and the back of it
(11:15 / All) MaoZedong: Not really, you were the outside position player
(13:35 / All) Hijack: red next to useless
(13:57 / All) aissuRolleH: hahaha